 Dungeon Crawl Stone Soup version 0.31-a0-818-ge7c7cf74f0 (webtiles) character file.

Game seed: 15529714406522208097

17264 greenreed the Grappler (level 12, -3/126 HPs)
             Began as a Troll Shapeshifter on Sept 23, 2023.
             Was a Priest of Ru.
             Slain by a skeletal warrior
             ... wielding a +0 glaive
              (23 damage)
             ... on level 13 of the Dungeon.
             The game lasted 00:25:19 (9944 turns).

greenreed the Grappler (Troll Shapeshifter)         Turns: 9944, Time: 00:25:19

Health: -3/126     AC: 13    Str: 29    XL:     12   Next: 17%
Magic:  11/11      EV: 13    Int:  6    God:    Ru [***...]
Gold:   724        SH:  0    Dex:  9    Spells: 11/11 levels left

rFire   . .          .
                       - Unarmed
rCold   . . .        (shield currently unavailable)
rNeg    . . .        u - +0 shadow dragon scales
rPois   .            (helmet restricted)
rElec   .            (no cloak)
rCorr   .            (gloves unavailable)
SInv    .            (boots unavailable)
Will    +....        v - amulet of regeneration Stlth
                     w - +5 ring of evasion
HPRegen 2.01/turn    K - ring of willpower
MPRegen 0.12/turn

%: inaccuracy (-5)
@: flux-form, glowing
A: glow, contaminating, large, unfitting armour, claws 3, regeneration 1,
screaming 1, shaggy fur 1, tough skin 1, no stealth, no fire magic, no summoning
magic, no transmutations magic, missing an eye
a: Begin Untransformation, Renounce Religion, Draw Out Power


You were on level 13 of the Dungeon.
You worshipped Ru.
Ru was most pleased with you.
You were something dangerously unstable.
You visited 2 branches of the dungeon, and saw 14 of its levels.
You also visited: Ossuary.

You collected 724 gold pieces.

Inventory:

Missiles
 q - 9 javelins
Armour
 u - +0 shadow dragon scales (worn)
 B - an orb of guile
 M - a scarf of shadows
 W - a +2 robe of resistance
Jewellery
 e - an amulet of guardian spirit
 m - a ring of fire
 v - an amulet of regeneration (around neck)
 w - a +5 ring of evasion (left claw)
 C - a ring of wizardry
 K - a ring of willpower (right claw)
 O - a +6 ring of strength
 R - a +4 ring of protection
 T - a ring of see invisible
 U - a ring of ice
Talismans
 c - a beast talisman
 d - a flux talisman (active)
 S - a blade talisman
Wands
 G - a wand of light (21)
 H - a wand of digging (7)
 V - a wand of iceblast (1)
Scrolls
 a - a scroll of fog {unknown}
 f - 6 scrolls of vulnerability
 g - 3 scrolls of immolation {unknown}
 k - a scroll of summoning
 l - 2 scrolls of blinking
 n - 2 scrolls of poison {unknown}
 s - 2 scrolls of torment
 t - 3 scrolls of revelation
 x - 7 scrolls of noise
 y - 9 scrolls of teleportation
 E - 2 scrolls of brand weapon {unknown}
 F - 5 scrolls of fear
 J - 2 scrolls of amnesia
 L - a scroll of enchant weapon
 Q - 2 scrolls of enchant armour {unknown}
Potions
 b - 2 potions of lignification
 h - 3 potions of heal wounds
 i - 3 potions of curing {unknown}
 j - 2 potions of degeneration {unknown}
 o - 3 potions of haste
 p - 3 potions of mutation
 r - a potion of invisibility
 z - a potion of berserk rage {unknown}
 A - 2 potions of resistance {unknown}
 D - 2 potions of might {unknown}
 I - 2 potions of ambrosia {unknown}
 N - 3 potions of brilliance {unknown}


   Skills:
 * Level 10.0 Fighting
 + Level 7.0 Dodging
 * Level 12.2 Unarmed Combat
 + Level 8.0 Shapeshifting


You had 11 spell levels left.
You didn't know any spells.
Your spell library contained the following spells:

 Spells                   Type           Power      Damage    Failure   Level
 Necrotise                Necr           0%         1d4       97%         1
 Cigotuvi's Dreadful Rot  Necr/Pois/Air  0%         N/A       99%         2
 Frozen Ramparts          Ice            0%         1d1       100%        3
 Stone Arrow              Conj/Erth      0%         3d7       100%        3
 Vampiric Draining        Necr           0%         2d6       100%        3
 Agony                    Necr           0%         N/A       100%        5
 Freezing Cloud           Conj/Ice/Air   0%         6-21      100%        5
 Metabolic Englaciation   Hex/Ice        0%         N/A       100%        5
 Lehudib's Crystal Spear  Conj/Erth      0%         10d2      100%        8
 Wereblood                Tmut           Unusable   N/A       N/A         2
 Ignite Poison            Fire/Tmut/Pois Unusable   N/A       N/A         3
 Animate Armour           Summ/Erth      Unusable   N/A       N/A         4
 Petrify                  Tmut/Erth      Unusable   N/A       N/A         4
 Irradiate                Conj/Tmut      Unusable   3d11      N/A         5

Dungeon Overview and Level Annotations

Branches:
Dungeon (13/15)            Temple (1/1) D:4            Lair (0/5) D:10
    Orc (0/2) D:11        Ossuary (visited)
 Vaults: D:13-14

Altars:
Ashenzari
Cheibriados
Dithmenos
Elyvilon
Fedhas
Gozag
Hepliaklqana
Kikubaaqudgha
Makhleb
Nemelex Xobeh
Okawaru
Qazlal
Ru
Sif Muna
Trog
Uskayaw
Vehumet
Wu Jian
Xom
Yredelemnul
Zin
The Shining One

Annotations:
D:11 come back with fly


Innate Abilities, Weirdness & Mutations

You are something dangerously unstable.
You glow with magical radiation, making you easy to see and hit.
Foes you strike become dangerously contaminated with magical radiation.
You are incapable of wielding weapons or throwing items.
You are too large for most types of armour.
You have claws for hands.
Your natural rate of healing is unusually fast.
You occasionally shout uncontrollably at your foes.
You are covered in fur. (AC +1)
You have tough skin. (AC +1)
You cannot be stealthy.
You cannot study or cast Fire magic.
You cannot study or cast Summoning magic.
You cannot study or cast Transmutations magic.
You are missing an eye, making it more difficult to aim.


Message History

The acid dragon bites you but does no damage.
The acid dragon claws you but does no damage.
You mangle something!!
The unseen horror begins to glow.
The unseen horror is heavily wounded.
An unseen horror comes into view.
The unseen horror barely misses you.
The acid dragon begins to attack, but is stunned by your conviction!
You miss the acid dragon.
The acid dragon is heavily wounded.
The acid dragon spits acid at you. The splash of acid misses you.
You hear two shouts!
You mangle the unseen horror!!
You kill the unseen horror!
Reactivating autopickup.
You closely miss the acid dragon.
The acid dragon is heavily wounded.
The acid dragon closely misses you. x2
A skeletal warrior comes into view. It is wielding a +0 glaive.
You barely miss the acid dragon.
The acid dragon is heavily wounded.
The acid dragon closely misses you. The acid dragon misses you.
A skeletal warrior comes into view. It is wielding a +0 dire flail.
The skeletal warrior hits you from afar with a +0 glaive!
The acid dragon spits acid at you. The splash of acid hits you!!
A skeletal warrior comes into view. It is wielding a +0 halberd.
A skeletal warrior comes into view. It is wielding a +0 trident.
The skeletal warrior hits you from afar with a +0 glaive!
* * * LOW HITPOINT WARNING * * *
The skeletal warrior attacks as it pursues you!
The skeletal warrior barely misses you. The acid dragon spits acid at you.
The splash of acid hits you!!
* * * LOW HITPOINT WARNING * * *
You hear a roar!
You are no longer corroded.
There is a stone staircase leading up here.
The skeletal warrior hits you from afar with a +0 glaive!!
You die...

###z.##.)#.........#
#..z...............#
.......#...........#
.####..z...........#
....#.z#.........>#
###.##D#........)#
#...z#........##
###.........###
#.p......##
####.....# #.....#
##.....# #......#
#.###### #.# #.# #.#


You could see 3 skeletal warriors and an acid dragon (misshapen).

Vanquished Creatures
  Fannar (D:12)
  2 boulder beetles
  3 centaur warriors
  A two-headed ogre (D:12)
  A tengu warrior (D:9)
  Sonja (D:12)
  A deep elf pyromancer (D:12)
  An ugly thing (D:8)
  A manticore (D:11)
  3 cyclopes
  Joseph (D:10)
  A gargoyle (D:12)
  Jeremiah (D:6)
  An unseen horror (D:13)
  Psyche (D:12)
  An efreet (D:9)
  A troll (D:12)
  A jumping spider (shapeshifter) (D:9)
  A vampire (D:12)
  15 yaks
  A basilisk (D:9)
  2 wraiths (D:12)
  3 wyverns
  12 vampire mosquitoes
  A warg (shapeshifter) (D:9)
  Menkaure (Ossuary)
  2 orc warriors
  A sky beast (D:8)
  2 ice beasts
  A centaur (D:10)
  4 ogres
  3 kobold brigands
  6 bullfrogs
  4 elf skeletons (D:7)
  4 scorpions
  8 wights
  3 killer bees (D:7)
  4 hounds
  A jelly (D:6)
  3 orc priests
  A sleepcap (D:4)
  A human skeleton (D:7)
  7 iguanas
  5 orc wizards
  3 mummies (Ossuary)
  2 gnolls
  12 adders
  3 worms
  3 dart slugs
  31 orcs
  6 ball pythons
  4 bats
  7 endoplasms
  A giant cockroach (D:4)
  6 hobgoblins
  2 jackals (D:3)
  2 quokkas
  3 frilled lizards
  6 gnoll skeletons (Ossuary)
  6 goblins
  2 goblin skeletons (Ossuary)
  6 goblin zombies (Ossuary)
  7 hobgoblin skeletons (Ossuary)
  A hobgoblin zombie (Ossuary)
  14 kobolds
  2 kobold skeletons (Ossuary)
  5 kobold zombies (Ossuary)
  4 orc skeletons
  8 orc zombies (Ossuary)
  9 rats
  5 rat skeletons (Ossuary)
  5 rat zombies (Ossuary)
284 creatures vanquished.

Notes
Turn   | Place    | Note
-------+----------+-------------------------------------------
     0 | D:1      | greenreed the Troll Shapeshifter began the quest for the
                  | Orb.
     0 | D:1      | Reached XP level 1. HP: 18/18 MP: 0/0
   165 | D:1      | Reached skill level 1 in Fighting
   291 | D:1      | Reached XP level 2. HP: 27/27 MP: 1/1
  1139 | D:2      | Reached XP level 3. HP: 24/33 MP: 2/2
  1935 | D:3      | Reached XP level 4. HP: 42/42 MP: 3/3
  2380 | D:3      | Noticed a scorpion
  2386 | D:3      | Killed a scorpion
  2387 | D:3      | Reached skill level 4 in Unarmed Combat
  2387 | D:3      | Reached XP level 5. HP: 50/50 MP: 4/4
  2672 | D:4      | Found a sparkling altar of Nemelex Xobeh.
  2679 | D:4      | Noticed an ogre
  2690 | D:4      | Killed an ogre
  2691 | D:4      | Reached XP level 6. HP: 61/61 MP: 5/5
  2809 | D:4      | Reached skill level 5 in Unarmed Combat
  2973 | D:4      | Found a staircase to the Ecumenical Temple.
  2978 | Temple   | Entered the Ecumenical Temple
  3003 | Temple   | Became a worshipper of Ru the Awakened
  3049 | D:4      | Found a snail-covered altar of Cheibriados.
  3051 | D:4      | Noticed a torpor snail
  3122 | D:4      | Found a glowing golden altar of the Shining One.
  3334 | D:5      | Entered Level 5 of the Dungeon
  3411 | D:5      | Reached XP level 7. HP: 45/67 MP: 6/6
  3432 | D:5      | Noticed a wyvern
  3438 | D:5      | Killed a wyvern
  3712 | D:5      | Reached skill level 6 in Unarmed Combat
  3726 | D:5      | Identified the +6 rapier of Enormous Defence {pain, Will+}
  3909 | D:6      | Reached XP level 8. HP: 72/79 MP: 7/7
  3986 | D:6      | Gained mutation: You cannot study or cast Fire magic. [Ru
                  | sacrifice]
  3986 | D:6      | Gained mutation: You cannot study or cast Transmutations
                  | magic. [Ru sacrifice]
  3986 | D:6      | Gained mutation: You cannot study or cast Summoning magic.
                  | [Ru sacrifice]
  3986 | D:6      | Reached * piety under Ru
  4025 | D:6      | Reached skill level 5 in Fighting
  4155 | D:6      | Reached skill level 7 in Unarmed Combat
  4171 | D:6      | Noticed Jeremiah
  4225 | D:6      | Killed Jeremiah
  4226 | D:6      | Reached skill level 5 in Shapeshifting
  4295 | D:6      | Found an iron altar of Okawaru.
  4634 | D:7      | Reached XP level 9. HP: 80/89 MP: 8/8
  4701 | D:7      | Found a sand-covered staircase.
  4730 | Ossuary  | Entered an ossuary
  5028 | Ossuary  | Noticed Menkaure
  5031 | Ossuary  | Reached skill level 8 in Unarmed Combat
  5036 | Ossuary  | Killed Menkaure
  5377 | D:7      | Gained mutation: You cannot be stealthy. [Ru sacrifice]
  5377 | D:7      | Reached ** piety under Ru
  6003 | D:8      | Reached skill level 5 in Dodging
  6010 | D:8      | Reached skill level 9 in Unarmed Combat
  6010 | D:8      | Reached XP level 10. HP: 102/102 MP: 9/9
  6248 | D:9      | Noticed a wizard
  6248 | D:9      | Noticed a purple ugly thing
  6249 | D:9      | Banished a wizard
  6273 | D:8      | Killed a purple ugly thing
  6470 | D:9      | Noticed a centaur warrior
  6476 | D:9      | Killed a centaur warrior
  6484 | D:9      | Noticed a tengu warrior
  6495 | D:9      | Killed a tengu warrior
  6598 | D:9      | Noticed a centaur warrior
  6609 | D:9      | Killed a centaur warrior
  6610 | D:9      | Reached skill level 10 in Unarmed Combat
  6786 | D:9      | Found a white marble altar of Elyvilon.
  7019 | D:10     | Entered Level 10 of the Dungeon
  7061 | D:10     | Found a staircase to the Lair.
  7194 | D:10     | Noticed Joseph
  7207 | D:10     | Killed Joseph
  7208 | D:10     | Found a shimmering altar of Xom.
  7231 | D:10     | Found a shimmering altar of Xom.
  7234 | D:10     | Found a shimmering altar of Xom.
  7235 | D:10     | Found a shimmering altar of Xom.
  7237 | D:10     | Found a shimmering altar of Xom.
  7237 | D:10     | Found a shimmering altar of Xom.
  7241 | D:10     | Gained mutation: You are missing an eye, making it more
                  | difficult to aim. [Ru sacrifice]
  7241 | D:10     | Reached *** piety under Ru
  7242 | D:10     | Found a shimmering altar of Xom.
  7278 | D:10     | Reached XP level 11. HP: 105/113 MP: 10/10
  7400 | D:10     | Identified the +5 flail "Heyntiha" {protect, rPois rC+
                  | Dex+2}
  7829 | D:11     | Noticed a boulder beetle
  7850 | D:11     | Killed a boulder beetle
  7916 | D:11     | Noticed a centaur warrior
  7921 | D:11     | Killed a centaur warrior
  7922 | D:11     | Reached skill level 11 in Unarmed Combat
  8189 | D:11     | Found a staircase to the Orcish Mines.
  8758 | D:12     | Noticed a deep elf pyromancer
  8771 | D:12     | Killed a deep elf pyromancer
  8839 | D:12     | Noticed Fannar
  8854 | D:12     | Killed Fannar
  8930 | D:12     | Noticed a two-headed ogre
  8938 | D:12     | Killed a two-headed ogre
  9028 | D:12     | Noticed Sonja
  9032 | D:12     | Killed Sonja
  9102 | D:12     | Noticed Psyche
  9117 | D:12     | Killed Psyche
  9159 | D:12     | Reached XP level 12. HP: 123/126 MP: 11/11
  9240 | D:12     | Reached skill level 12 in Unarmed Combat
  9269 | D:12     | Gained mutation: You occasionally shout uncontrollably at
                  | your foes. [Ru sacrifice]
  9369 | D:12     | Noticed a boulder beetle
  9376 | D:12     | Killed a boulder beetle
  9741 | D:13     | Reached skill level 10 in Fighting
  9772 | D:13     | Noticed a two-headed ogre
  9772 | D:13     | Noticed a seven-headed hydra
  9944 | D:13     | Slain by a skeletal warrior

Illustrated notes

Levels and vault maps discovered:
D:1:      wheals_arrival_linesprint, layout_basic, hangedman_decor_opposing
D:2:      layout_basic
D:3:      minmay_wonky_spiral, layout_basic
D:4:      layout_loops_cross, mainiacjoe_overflow_concentric_impassable,
          tso_metal_star, cheibriados_altar_2, temple_doors_e, minmay_circle_x
D:5:      layout_basic, chequers_garden
D:6:      layout_cave_pools, okawaru_altar_gauntlet_db, uniq_jeremiah
D:7:      layout_loops_cross, nicolae_ossuary_entry_catacombs
D:8:      layout_loops_ring
D:9:      minmay_cut_squares, layout_grid_maze, nicolae_elyvilon_peaceful_grove
D:10:     layout_irregular_city, nicolae_xom_altar_mimics, lair_entry_dummy,
          serial_rivers, chequers_serial_rivers_micro_c,
          chequers_serial_rivers_marsh, chequers_serial_rivers_large_b,
          chequers_serial_rivers_small_b, uniq_joseph
D:11:     layout_irregular_city, orc_0_dummy, kennysheep_opposing_triangles
D:12:     layout_stronghold, uniq_fannar, uniq_sonja, uniq_psyche
D:13:     layout_rooms
Temple:   regret_index_temple_sphere_string

Skill      XL: |  1  2  3  4  5  6  7  8  9 10 11 12 |
---------------+-------------------------------------+-----
Fighting       | 1 2 3 4 5 7 8 9 10 | 10.0
Dodging        | 2 3 4 5 6 7 |  7.0
Unarmed Combat | 4 5 6 7 9 10 11 12 | 12.2
Shapeshifting  | 4 5 6 7 8 |  8.0

Action                     |  1- 3 |  4- 6 |  7- 9 | 10-12 || total
---------------------------+-------+-------+-------+-------++-------
  Melee: Unarmed           |    72 |   122 |   329 |   315 ||   838
         Punch             |     1 |     2 |    16 |    15 ||    34
 Invoke: Sacrifice Arcana  |       |       |     1 |       ||     1
         Sacrifice Stealth |       |       |     1 |       ||     1
         Sacrifice an Eye  |       |       |       |     1 ||     1
         Sacrifice Purity  |       |       |       |     1 ||     1
  Evoke: Wand              |       |       |       |     7 ||     7
    Use: Scroll            |       |       |    10 |     4 ||    14
         Potion            |       |       |       |     2 ||     2
   Stab: Sleeping          |       |     4 |     6 |       ||    10
         Distracted        |       |       |     1 |       ||     1
         Invisible         |       |       |       |     4 ||     4
 Armour: Animal skin       |    39 |    16 |       |       ||    55
         Shadow dragon sca |       |    72 |   140 |   257 ||   469
  Dodge: Dodged            |    26 |    52 |   119 |   161 ||   358
         Form:             |       |       |       |     1 ||     1
         Flux              |       |       |       |     1 ||     1

Table legend: (Time is in decaauts)
 A = Elapsed time spent in this place.
 B = Non-inter-level travel time spent in this place.
 C = Inter-level travel time spent in this place.
 D = Time resting spent in this place.
 E = Time spent auto-exploring this place.
 F = Levels seen in this place.
 G = Mean time per level.
                   A        B        C        D        E       F      G
               +--------+--------+--------+--------+--------+-----+--------+
         Total |   9809 |   9161 |    648 |     68 |   7240 |  15 |  653.9 |
       Dungeon |   9421 |   8821 |    600 |     68 |   7074 |  13 |  724.7 |
        Temple |     50 |      2 |     48 |      0 |      0 |   1 |   50.0 |
       Ossuary |    337 |    337 |      0 |      0 |    166 |   1 |  337.0 |
               +--------+--------+--------+--------+--------+-----+--------+

Top non-repeatable levels by time:
    D:12: 1160 daAuts
     D:1: 1117 daAuts
    D:11: 953 daAuts
     D:9: 780 daAuts
     D:7: 772 daAuts
     D:4: 768 daAuts
     D:2: 759 daAuts
     D:3: 624 daAuts
    D:10: 624 daAuts
     D:6: 611 daAuts
     D:8: 570 daAuts
     D:5: 552 daAuts
 Ossuary: 337 daAuts
    D:13: 126 daAuts
  Temple: 50 daAuts
